 Dungeon Crawl Stone Soup version 0.29-a0-1-gf2d273c862 (webtiles) character file.

Game seed: 9808156063677361492

753 Grim the Skirmisher (level 7, -7/78 HPs)
             Began as an Ogre Berserker on Jan 25, 2022.
             Was a Believer of Trog.
             Mangled by an iguana (11 damage)
             ... on level 4 of the Dungeon.
             The game lasted 00:04:34 (4348 turns).

Grim the Skirmisher (Ogre Berserker)                Turns: 4348, Time: 00:04:35

Health: -7/78      AC:  3    Str: 22    XL:     7   Next: 79%
Magic:  7/7        EV: 10    Int: 16    God:    Trog [**....]
Gold:   213        SH:  0    Dex:  8    Spells: 6/6 levels left

rFire   . . .      SeeInvis .   p - +1 whip (venom)
rCold   . . .      Faith    .   (no shield)
rNeg    . . .      Spirit   .   q - +0 robe
rPois   .          Reflect  .   (helmet restricted)
rElec   .          Harm     .   (no cloak)
rCorr   .          Rampage  .   (gloves unavailable)
Will    .....                   (boots unavailable)
Stlth   +.........              (no amulet)
HPRegen 0.23/turn               c - +6 ring of intelligence
MPRegen 0.10/turn               (no ring)

@: on berserk cooldown, attractive, hasted and slowed
A: large, unfitting armour, tough skin 1
a: Renounce Religion, Berserk, Trog's Hand


You were on level 4 of the Dungeon.
You worshipped Trog.
Trog was pleased with you.
You visited 1 branch of the dungeon, and saw 5 of its levels.

You collected 213 gold pieces.

Inventory:

Hand Weapons
 a - a +0 mace
 p - a +1 whip of venom (weapon)
Missiles
 f - 121 stones
 g - 6 poisoned darts (quivered)
 h - 34 bolts
Armour
 b - a +0 animal skin
 q - a +0 robe (worn)
Jewellery
 c - a +6 ring of intelligence (left hand)
Scrolls
 e - 2 scrolls of noise {unknown}
 i - a scroll of brand weapon {unknown}
 n - 4 scrolls of identify {unknown}
 s - a scroll of summoning {unknown}
 t - 3 scrolls of teleportation {unknown}
 u - a scroll of fear {unknown}
 v - a scroll of enchant weapon {unknown}
 x - a scroll of torment {unknown}
Potions
 d - 3 potions of attraction
 j - a potion of heal wounds {unknown}
 k - 3 potions of degeneration {unknown}
 l - a potion of brilliance {unknown}
 m - a potion of haste
 o - a potion of flight {unknown}
 r - a potion of resistance {unknown}
 w - a potion of curing {unknown}


   Skills:
 + Level 7.4 Fighting
 * Level 6.8 Maces & Flails
 - Level 2.6 Dodging


You had 6 spell levels left.
You didn't know any spells.
Your spell library was empty.

Dungeon Overview and Level Annotations

Branches:
Dungeon (5/15)
 Temple: D:4-7

Altars:
Ashenzari
Cheibriados
The Shining One


Innate Abilities, Weirdness & Mutations

You are too large for most types of armour.
You have tough skin. (AC +1)


Message History

You destroy the bullfrog zombie!
Trog accepts your kill. The gnoll hits you with a +0 spear!
You whack the gnoll!
The gnoll is severely wounded.
You are no longer berserk.
You are exhausted.
You feel yourself slow down. The gnoll hits you with a +0 whip!
You hit the gnoll but do no damage.
The gnoll is severely wounded.
The gnoll barely misses you. The iguana bites you.
* * * LOW HITPOINT WARNING * * *
The gnoll hits you with a +0 whip!
* * * LOW HITPOINT WARNING * * *
You are too injured to fight recklessly!
You are too injured to fight recklessly!
You are too injured to fight recklessly!
The gnoll hits you from afar with a +0 spear.
* * * LOW HITPOINT WARNING * * *
The iguana closely misses you. The gnoll closely misses you.
The iguana barely misses you.
Unknown command.
The gnoll barely misses you.
There is an escape hatch in the ceiling here.
The gnoll barely misses you. The iguana bites you!
* * * LOW HITPOINT WARNING * * *
The gnoll hits you with a +0 whip.
* * * LOW HITPOINT WARNING * * *
The gnoll hits you from afar with a +0 spear.
* * * LOW HITPOINT WARNING * * *
The iguana bites you.
* * * LOW HITPOINT WARNING * * *
A mysterious force pulls you upwards. The hatch slams shut behind you.
It was a potion of attraction.
You feel attractive to monsters. The gnoll barely misses you.
The iguana bites you!
* * * LOW HITPOINT WARNING * * *
The gnoll closely misses you.
It was a potion of haste.
You feel yourself speed up. The iguana bites you!
You die...

.####.......###############......
.# #.......# #############......
.# #.......# #..................
.# #.......# #..................
.# #.......# #..................
.####.......# #............####.#
.##.........# #............####.#
.##.........# #.........)........
.##.....).### #l@..........####.#
..######.## #..g..............#
#.# #.# #................##
#.#### #.# #..................
.....# #.# #............###...
##.#.# #.# #...........##⌠##..
.#...###.# ########...##...##.
.#....##.# #..##.....##
.#....##.#############..#⌠..♣..⌠#


You could see an iguana and a gnoll.

Vanquished Creatures
  The ghost of caleiya the Chopper, a novice GrFi (D:4)
  Duvessa (D:4)
  Dowan (D:4)
  A bullfrog zombie (D:5)
  3 hounds (D:4)
  An orc priest (D:3)
  An iguana (D:4)
  3 orc wizards
  2 gnolls (D:5)
  4 adders
  A shadow imp (D:4)
  3 orcs
  3 bats
  An endoplasm (D:3)
  4 giant cockroaches
  8 goblins
  3 hobgoblins
  3 quokkas
  4 ball pythons
  4 frilled lizards
  6 kobolds
  5 rats
63 creatures vanquished.

Notes
Turn   | Place    | Note
-------+----------+-------------------------------------------
     0 | D:1      | Grim the Ogre Berserker began the quest for the Orb.
     0 | D:1      | Reached XP level 1. HP: 24/24 MP: 1/1
   291 | D:1      | Reached XP level 2. HP: 30/32 MP: 2/2
  1300 | D:2      | Reached XP level 3. HP: 40/40 MP: 3/3
  1885 | D:3      | Found a glowing golden altar of the Shining One.
  2274 | D:3      | Found a broken altar of Ashenzari.
  2302 | D:3      | Reached XP level 4. HP: 26/49 MP: 4/4
  2306 | D:3      | Reached skill level 5 in Fighting
  2309 | D:3      | Reached ** piety under Trog
  2312 | D:3      | HP: 2/50 [poisoned by an orc]
  2658 | D:3      | Found a snail-covered altar of Cheibriados.
  2979 | D:4      | Reached XP level 5. HP: 46/57 MP: 5/5
  3057 | D:4      | Noticed caleiya's ghost (novice GrFi)
  3080 | D:4      | Found a runed translucent door.
  3107 | D:4      | Reached skill level 5 in Maces & Flails
  3234 | D:4      | Noticed Duvessa
  3234 | D:4      | Noticed Dowan
  3241 | D:4      | Killed Duvessa
  3242 | D:4      | Reached skill level 6 in Fighting
  3242 | D:4      | Reached XP level 6. HP: 67/67 MP: 6/6
  3248 | D:4      | Killed Dowan
  4025 | D:4      | Killed caleiya's ghost
  4026 | D:4      | Reached skill level 7 in Fighting
  4026 | D:4      | Reached XP level 7. HP: 78/78 MP: 7/7
  4099 | D:5      | Entered Level 5 of the Dungeon
  4347 | D:4      | HP: 3/78 [iguana (9)]
  4348 | D:4      | Mangled by an iguana

Illustrated notes

Levels and vault maps discovered:
D:1:      nicolae_arrival_memento_mori, layout_rooms
D:2:      layout_basic, hangedman_decor_growths
D:3:      layout_loops_ring, mainiacjoe_overflow_small_starburst,
          lemuel_doored_altar, mainiacjoe_overflow_catwalk, hex_medium,
          minmay_misc_feat_roman, chequers_decorated_corner
D:4:      layout_basic, hellmonk_ghost_happy_afterlife, uniq_duvessa
D:5:      layout_rooms, trog_butcher_becter, elyvilon_altar_3

Skill      XL: |  1  2  3  4  5  6 |
---------------+-------------------+-----
Maces & Flails | 3 4 5 6 |  6.8
Fighting       | 5 6 7 |  7.4
Dodging        | |  2.6

Action                   |  1- 3 |  4- 6 |  7- 9 || total
-------------------------+-------+-------+-------++-------
Melee: Mace              |   121 |     8 |       ||   129
       Punch             |     1 |     1 |       ||     2
       Whip              |       |    72 |    25 ||    97
Throw: Stone             |    12 |       |       ||    12
       Dart              |     6 |     6 |       ||    12
Invok: Berserk           |     2 |     3 |     2 ||     7
  Use: Potion            |       |       |     2 ||     2
Armor: Animal skin       |    53 |     3 |       ||    56
       Robe              |       |    13 |       ||    13
Dodge: Dodged            |    90 |    31 |    12 ||   133

Table legend: (Time is in decaauts)
 A = Elapsed time spent in this place.
 B = Non-inter-level travel time spent in this place.
 C = Inter-level travel time spent in this place.
 D = Time resting spent in this place.
 E = Time spent auto-exploring this place.
 F = Levels seen in this place.
 G = Mean time per level.
                   A        B        C        D        E       F      G
               +--------+--------+--------+--------+--------+-----+--------+
         Total |   4413 |   4304 |    109 |    923 |   2885 |   5 |  882.6 |
       Dungeon |   4413 |   4304 |    109 |    923 |   2885 |   5 |  882.6 |
               +--------+--------+--------+--------+--------+-----+--------+

Top non-repeatable levels by time:
     D:3: 1436 daAuts
     D:4: 1171 daAuts
     D:1: 797 daAuts
     D:2: 757 daAuts
     D:5: 251 daAuts
